 Dungeon Crawl Stone Soup version 0.19-a0-1170-g18f0c96 (webtiles) character file.

9831 epen the Spear-Bearer (level 11, -5/71 HPs)
             Began as a Merfolk Monk on Aug 17, 2016.
             Was an Elder of Hepliaklqana.
             Engulfed by an ice statue's freezing vapour (21 damage)
             ... in an ice cave.
             The game lasted 00:21:23 (13193 turns).

epen the Spear-Bearer (Merfolk Monk)               Turns: 13193, Time: 00:21:24

Health: -5/71      AC: 15    Str: 12    XL:     11   Next: 52%
Magic:  12/12      EV: 18    Int: 11    God:    Hepliaklqana [****..]
Gold:   78         SH:  0    Dex: 16    Spells: 0 memorised, 10 levels left

rFire  . . .     SeeInvis +     L - +1 trident (vamp)
rCold  . . .     Gourm    .     C - +4 ring mail {rPois}
rNeg   . . .     Faith    .     (no shield)
rPois  +         Spirit   .     (no helmet)
rElec  +         Dismiss  .     j - +0 cloak
rCorr  +         Reflect  .     (no gloves)
MR     +....     Harm     .     R - +2 pair of boots of Pragmatism {rElec rCorr Str-4 Stlth+}
Stlth  +++.......               k - amulet of magic regeneration
                                D - ring of stealth (curse)
                                e - ring of see invisible

@: about to teleport
A: change form in water, swift swim, clever 1, frail 1, magic resistance 1,
screaming 1, wild magic 1
a: Recall Ancestor, Ancestor Identity, Transference, Idealise, Renounce Religion


You were in an ice cave.
You worshipped Hepliaklqana.
Hepliaklqana was greatly pleased with you.
You were not hungry.

You visited 2 branches of the dungeon, and saw 12 of its levels.
You also visited: Ice Cave.

You collected 593 gold pieces.
You spent 515 gold pieces at shops.

Inventory:

Hand Weapons
 a - a +0 spear
 A - a +0 halberd
 L - a +1 vampiric trident (weapon)
Armour
 j - a +0 cloak (worn)
 p - a +0 pair of boots
 C - a +4 ring mail of poison resistance (worn)
 R - the +2 pair of boots of Pragmatism (worn) {rElec rCorr Str-4 Stlth+}
   (You bought it in a shop on level 10 of the Dungeon)

   It affects your strength (-4).
   It insulates you from electricity.
   It protects you from acid and corrosion.
   It makes you more stealthy.
Jewellery
 e - a ring of see invisible (left hand)
 k - an amulet of magic regeneration (around neck)
 u - an uncursed ring of positive energy
 y - an uncursed ring of see invisible
 B - an uncursed ring of magical power
 D - a cursed ring of stealth (right hand)
 F - the ring of Siototzy {rPois rF- MR+++ Str+2 Dex+4}
   (You found it on level 6 of the Dungeon)

   [ring of strength]

   It affects your strength (+2).
   It affects your dexterity (+4).
   It makes you vulnerable to fire.
   It protects you from poison.
   It affects your resistance to hostile enchantments.
Wands
 x - a wand of acid (0/15)
 E - a wand of polymorph (11/24)
 J - a wand of random effects (0/48)
 P - a wand of acid (0/15)
Scrolls
 b - 2 scrolls of teleportation
 f - 7 scrolls of remove curse {unknown}
 g - 3 scrolls of magic mapping
 h - 3 scrolls of fog
 i - 6 scrolls of amnesia {unknown}
 m - 5 scrolls of enchant armour {unknown}
 n - a scroll of random uselessness {unknown}
 s - 3 scrolls of identify
 t - 3 scrolls of noise {unknown}
 z - a scroll of immolation {unknown}
 I - a scroll of fear {unknown}
 K - 2 scrolls of enchant weapon
Potions
 c - 3 potions of flight
 d - 2 potions of brilliance
 o - a potion of cancellation
 q - a potion of magic
 r - 2 potions of invisibility
 w - 3 potions of ambrosia
 G - a potion of degeneration {unknown}
 H - 2 potions of lignification
 S - a potion of resistance
Books
 T - a book of Fire

   Spells                             Type                      Level
   a - Ignite Poison                  Fire/Transmutation/Poison    3
   b - Fireball                       Conjuration/Fire             5
   c - Bolt of Fire                   Conjuration/Fire             6
   d - Delayed Fireball               Conjuration/Fire             7
   e - Ring of Flames                 Charms/Fire                  7
Comestibles
 l - 5 fruits
 M - a slice of pizza
 N - 4 bread rations
 O - 2 meat rations
 Q - 10 royal jellies


   Skills:
 + Level 9.2 Fighting
 + Level 11.9 Polearms
 * Level 8.6 Armour
 + Level 11.0 Dodging
 - Level 2.1 Stealth
 * Level 2.4 Invocations


You had 10 spell levels left.
You didn't know any spells.

Dungeon Overview and Level Annotations

Branches:
Dungeon (11/15)            Temple (1/1) D:4            Lair (0/6) D:11
    Orc (0/2) D:11

Altars:
Ashenzari
Cheibriados
Dithmenos
Elyvilon
Fedhas
Gozag
Hepliaklqana
Kikubaaqudgha
Makhleb
Nemelex Xobeh
Okawaru
Pakellas
Qazlal
Ru
Trog
Uskayaw
Vehumet
Xom
Yredelemnul
Zin
The Shining One

Shops:
D:7 ?   D:10 [

Annotations:
IceCv exclusion: ice statue


Innate Abilities, Weirdness & Mutations

You revert to your normal form in water.
You are very nimble and swift while swimming.
Your mind is acute. (Int +2)
You are frail. (-10% HP)
You are resistant to hostile enchantments. (MR+)
You occasionally shout uncontrollably at your foes.
Your spells are a little harder to cast, but a little more powerful.


Message History

Found a crystal ball of energy.
Epler hits the ice beast with a flail.
The ice beast completely misses you. The ice statue gestures at you.
The freezing blast misses you.
You feel better.
You are engulfed in freezing vapours.
* * * LOW HITPOINT WARNING * * *
The ice beast barely misses you.
Epler is engulfed in freezing vapours.
Epler hits the ice beast with a flail.
The ice statue gestures at you. The shard of ice misses you.
The ice beast hits you but does no damage.
As you read the scroll of teleportation, it crumbles to dust.
You feel strangely unstable.
You are engulfed in freezing vapours.
* * * LOW HITPOINT WARNING * * *
The ice beast hits you but does no damage.
Epler is engulfed in freezing vapours.
Epler completely misses the ice beast.
The ice beast misses you.
Unknown command.
You feel better.
You are engulfed in freezing vapours.
You die...

######## ##.#..†.##
#####....##..##
##..∩##..####R.#
#∩..####..###Y§#
#....# #..##.Y@#
#...####...##§8§#
##..####...####.§.#
#...##...### #.###
#..##...## }#.
#....÷.## # .
##...### # #####


You could see the friendly epler the knight, an ice statue and 2 ice beasts.

Vanquished Creatures
  Pikel (D:9)
  2 ice devils (D:11)
  The ghost of epen the Poker, an amateur MfMo of Zin (D:4)
  A troll (D:9)
  2 hungry ghosts
  A hippogriff (D:10)
  A water moccasin (D:7)
  Duvessa (D:4)
  3 ice beasts
  2 orc warriors (D:8)
  2 black bears
  3 phantoms
  A wasp (D:9)
  2 sky beasts (D:10)
  4 necrophages (D:9)
  An ogre (D:10)
  9 centaurs
  2 wolves (IceCv)
  A crocodile (D:5)
  2 big kobolds (D:9)
  A giant frog (D:8)
  Dowan (D:4)
  A scorpion (D:9)
  A water moccasin skeleton (D:6)
  10 killer bees
  A howler monkey (D:9)
  5 wights (D:7)
  7 hounds
  A quasit (D:10)
  3 orc priests
  2 centaur zombies
  2 jellies
  9 orc wizards
  2 giant frog skeletons
  2 centaur skeletons
  An iguana (D:4)
  10 worker ants
  A hound skeleton (D:8)
  A howler monkey zombie (D:9)
  A worker ant zombie (D:6)
  4 gnolls (D:3)
  23 adders
  A shadow imp (D:9)
  4 oozes
  3 adder zombies (D:9)
  3 worms
  An adder skeleton (D:10)
  4 dart slugs
  8 giant geckos
  26 orcs
  7 bats
  5 giant cockroaches
  11 goblins
  9 hobgoblins
  10 jackals
  5 quokkas
  6 giant newts
  A jackal zombie (D:6)
  21 kobolds
  9 rats
265 creatures vanquished.

Vanquished Creatures (collateral kills)
  A polar bear (IceCv)
  A two-headed ogre (D:8)
  Sigmund (D:6)
  Eustachio (D:6)
  A yak (IceCv)
  A hungry ghost (D:7)
  Edmund (D:6)
  An orc warrior (D:7)
  2 ogres
  A phantom (D:9)
  2 centaurs (D:6)
  2 big kobolds
  Blork the orc (D:6)
  A giant frog (D:10)
  2 killer bees (D:7)
  4 wights (D:7)
  3 howler monkeys
  2 crimson imps
  A centaur zombie (D:9)
  2 jellies (D:8)
  2 hounds
  5 orc priests
  An orc wizard (D:8)
  A centaur skeleton (D:6)
  3 worker ants
  A gnoll (D:5)
  2 adders
  2 oozes (D:8)
  An adder skeleton (D:4)
  An adder zombie (D:8)
  14 orcs
  3 hobgoblins (D:5)
  4 jackals
  2 quokkas (D:5)
  A giant gecko zombie (D:8)
  5 kobolds
  A bush (D:9)
80 creatures vanquished.

Vanquished Creatures (others)
  2 slaves (D:9)
  A centaur (D:10)
  4 knights
  An orc (D:9)
  4 kobolds (D:9)
  4 plants (D:9)
16 creatures vanquished.

Grand Total: 361 creatures vanquished

Notes
Turn   | Place    | Note
-------+----------+-------------------------------------------
     0 | D:1      | epen the Merfolk Monk began the quest for the Orb.
     0 | D:1      | Reached XP level 1. HP: 18/18 MP: 1/1
    99 | D:1      | Found a glowing golden altar of the Shining One.
   125 | D:1      | Reached XP level 2. HP: 20/24 MP: 2/2
   300 | D:1      | Reached skill level 1 in Armour
   471 | D:1      | Reached XP level 3. HP: 10/29 MP: 3/3
  1221 | D:2      | Reached XP level 4. HP: 21/36 MP: 4/4
  1540 | D:2      | Reached skill level 5 in Polearms
  1563 | D:2      | Found a sparkling altar of Nemelex Xobeh.
  2172 | D:2      | Reached XP level 5. HP: 36/42 MP: 5/5
  2651 | D:3      | HP: 1/42 [gnoll/whip (8)]
  3181 | D:3      | Found a shattered altar of Ashenzari.
  3209 | D:4      | Noticed a phantom
  3215 | D:4      | Reached skill level 5 in Dodging
  3359 | D:3      | Reached XP level 6. HP: 32/48 MP: 6/6
  3491 | D:4      | Killed a phantom
  3998 | D:4      | Reached XP level 7. HP: 55/55 MP: 7/7
  4112 | D:4      | Noticed epen's ghost (amateur MfMo)
  4130 | D:3      | Found an ancient bone altar of Kikubaaqudgha.
  4297 | D:4      | Killed epen's ghost
  4297 | D:4      | Reached skill level 5 in Fighting
  4599 | D:4      | Noticed Dowan
  4605 | D:4      | Noticed Duvessa
  4628 | D:4      | Killed Duvessa
  4628 | D:4      | Reached XP level 8. HP: 32/63 MP: 8/8
  4640 | D:4      | Killed Dowan
  4885 | D:4      | Found a staircase to the Ecumenical Temple.
  4967 | Temple   | Entered the Ecumenical Temple
  5112 | Temple   | Became a worshipper of Hepliaklqana
  5112 | Temple   | Reached * piety under Hepliaklqana
  5112 | Temple   | Reached ** piety under Hepliaklqana
  5127 | D:4      | Remembered your ancestor epler as a knight
  5328 | D:4      | HP: 1/56 [orc priest/divine providence (15)]
  5633 | D:5      | Entered Level 5 of the Dungeon
  6081 | D:5      | Reached skill level 5 in Armour
  6415 | D:5      | Found a bloodstained altar of Trog.
  6567 | D:6      | Reached XP level 9. HP: 52/62 MP: 9/9
  6720 | D:6      | Noticed Eustachio
  6748 | D:6      | Got a translucent lead ring
  6753 | D:6      | Killed Eustachio
  6756 | D:6      | Identified the ring of Siototzy {rPois rF- MR+++ Str+2 Dex+4} (You found it on level 6 of the Dungeon)
  6977 | D:6      | Noticed Blork the orc
  6985 | D:6      | Killed Blork the orc
  7063 | D:6      | Noticed Sigmund
  7076 | D:6      | Killed Sigmund
  7238 | D:6      | Noticed Edmund
  7250 | D:6      | Killed Edmund
  7809 | D:7      | Reached *** piety under Hepliaklqana
  8033 | D:7      | Reached XP level 10. HP: 71/71 MP: 10/10
  8117 | D:7      | Found Feuteli's Magic Scroll Emporium.
  8128 | D:7      | Bought a scroll of identify for 26 gold pieces
  8128 | D:7      | Bought a scroll of teleportation for 39 gold pieces
  8128 | D:7      | Bought a scroll of fog for 26 gold pieces
  8128 | D:7      | Bought a scroll of enchant weapon for 97 gold pieces
  8128 | D:7      | Bought a scroll of identify for 26 gold pieces
  8128 | D:7      | Bought a scroll of magic mapping for 45 gold pieces
  8614 | D:7      | Reached skill level 10 in Polearms
 10167 | D:8      | Reached skill level 10 in Dodging
 10628 | D:9      | Noticed Pikel
 10640 | D:9      | Killed Pikel
 10753 | D:9      | Reached XP level 11. HP: 78/78 MP: 11/11
 10761 | D:9      | Found a snail-covered altar of Cheibriados.
 11338 | D:9      | Found a blossoming altar of Fedhas.
 11505 | D:10     | Entered Level 10 of the Dungeon
 11686 | D:10     | Gained mutation: Your mind is acute. (Int +2) [potion of beneficial mutation]
 11961 | D:10     | Found Meodairgh's Antique Armour Boutique.
 11981 | D:10     | Gained mutation: You are frail. (-10% HP) [mutagenic meat]
 11987 | D:10     | Gained mutation: Your spells are a little harder to cast, but a little more powerful. [mutagenic meat]
 11990 | D:10     | Gained mutation: You are resistant to hostile enchantments. (MR+) [mutagenic meat]
 11993 | D:10     | Gained mutation: You occasionally shout uncontrollably at your foes. [mutagenic meat]
 11994 | D:10     | Bought a pair of warped boots for 256 gold pieces
 12004 | D:10     | Identified the +2 pair of boots of Pragmatism {rElec rCorr Str-4 Stlth+} (You bought it in a shop on level 10 of the Dungeon)
 12074 | D:10     | Reached **** piety under Hepliaklqana
 12344 | D:10     | Reached skill level 1 in Invocations
 12619 | D:11     | Found a frozen archway.
 12668 | IceCv    | Entered an ice cave
 13193 | IceCv    | Engulfed by an ice statue's freezing vapour

Vault maps used:
D:1:      shiori_arrival_oz, tso_metal_star
D:2:      nicolae_overflow_crystal_walls
D:3:      nicolae_overflow_hidden_temple, led_sif_pool
D:4:      st_stairs_8, uniq_duvessa
D:5:      overflow_temple_1_default, first_bread, sigmund_army
D:6:      abandoned_shop, uniq_sigmund, uniq_edmund, uniq_blork_the_orc,
          uniq_eustachio
D:7:      serial_shops, shop
D:8:      hangedman_little_slice_of_home
D:9:      fedhas_altar_decomposition, cheibriados_altar_1, uniq_pikel
D:10:     serial_shops, nicolae_shop_trees, st_stairs_7, centaur_isle
D:11:     lair_0_dummy, hiddenorc2_lemuel, portal_ice_cave_demonic_guard
Temple:   regret_index_temple_sphere_string
IceCv:    ice_cave_caverns_03

Skill      XL: |  1  2  3  4  5  6  7  8  9 10 11 |
---------------+----------------------------------+-----
Armour         | 1 2 3 4 5 6 7 8 |  8.6
Polearms       | 5 6 7 8 9 11 | 11.9
Fighting       | 4 5 6 7 8 9 |  9.2
Dodging        | 5 6 7 8 10 11 | 11.0
Invocations    | 2 |  2.4
Stealth        | |  2.1

Action                   |  1- 3 |  4- 6 |  7- 9 | 10-12 || total
-------------------------+-------+-------+-------+-------++-------
Melee: Spear             |   116 |   198 |       |       ||   314
       Halberd           |       |    88 |   368 |    31 ||   487
       Trident           |       |       |       |   739 ||   739
       Tailslap          |       |       |       |     6 ||     6
Invok: Ancestor Identity |       |       |     1 |     1 ||     2
       Ancestor Life: Kn |       |       |     1 |       ||     1
       Recall Ancestor   |       |       |       |     3 ||     3
       Transference      |       |       |       |     1 ||     1
Evoke: Wand              |       |     2 |       |    11 ||    13
  Use: Potion            |       |     2 |       |     3 ||     5
       Scroll            |       |       |       |    10 ||    10
 Stab: Sleeping          |     5 |     5 |    15 |     9 ||    34
       Distracted        |       |     1 |     2 |     6 ||     9
  Eat: Chunk             |     1 |     6 |     5 |    21 ||    33
       Bread ration      |       |     1 |       |     2 ||     3
       Meat ration       |       |       |     2 |       ||     2
Armor: Robe              |     8 |    44 |     9 |       ||    61
       Ring mail         |       |       |    81 |   174 ||   255
Dodge: Dodged            |    65 |   169 |   243 |   489 ||   966
